 Dungeon Crawl Stone Soup version 0.29-a0-393-g47a863cc1b (webtiles) character file.

Game seed: 6316922241361071666

3641 ytrimaz the Cleaver (level 9, -11/69 HPs)
             Began as a Demonspawn Fighter on May 9, 2022.
             Was a Priest of Okawaru.
             Shot with a bolt by an orc warrior (16 damage)
             ... in a bailey on May 10, 2022.
             The game lasted 00:10:00 (6221 turns).

ytrimaz the Cleaver (Demonspawn Fighter)            Turns: 6221, Time: 00:10:00

Health: -11/69     AC: 15    Str: 21    XL:     9   Next: 88%
Magic:  0/14       EV: 13    Int: 16    God:    Okawaru [***...]
Gold:   338        SH:  5    Dex: 12    Spells: 8/8 levels left

rFire   . . .      SeeInvis .   e - +7 broad axe "Epulam" {flame, rC+ Int+6}
rCold   + . .      Faith    .   c - +0 buckler
rNeg    . . .      Spirit   +   h - +0 plate armour
rPois   .          Reflect  .   (helmet unavailable)
rElec   .          Harm     .   o - +0 cloak
rCorr   .          Rampage  .   (no gloves)
Will    +....                   r - +0 pair of boots
Stlth   ..........              b - amulet of regeneration
HPRegen 1.01/turn               j - ring of willpower
MPRegen 0.28/turn               x - +4 ring of evasion

@: mighty
A: horns 3, repulsion field 2, magic shield, magic regeneration
a: Renounce Religion, Heroism


You were in a bailey.
You worshipped Okawaru.
Okawaru was most pleased with you.
You visited 2 branches of the dungeon, and saw 8 of its levels.
You also visited: Bailey.

You collected 423 gold pieces.
You spent 85 gold pieces at shops.

Inventory:

Hand Weapons
 a - a +0 war axe
 e - the +7 broad axe "Epulam" (weapon) {flame, rC+ Int+6}
   (You acquired it on level 5 of the Dungeon)

   It burns those it strikes, dealing additional fire damage.
   Big, fiery blades are also staple armaments of hydra-hunters.
   Int:       It affects your intelligence (+6).
   rC:        It protects you from cold.
 p - a +0 whip of draining
Missiles
 y - 7 boomerangs (quivered)
Armour
 c - a +0 buckler (worn)
 h - a +0 plate armour (worn)
 l - a +0 tower shield
 o - a +0 cloak (worn)
 r - a +0 pair of boots (worn)
Jewellery
 b - an amulet of regeneration (around neck)
 g - a ring of positive energy
 j - a ring of willpower (left hand)
 v - an amulet of reflection
 x - a +4 ring of evasion (right hand)
Wands
 u - a wand of paralysis (5)
 B - a wand of acid (6)
 D - a wand of digging (8)
Scrolls
 f - a scroll of teleportation
 m - 2 scrolls of vulnerability
 q - 3 scrolls of enchant weapon
Potions
 d - 3 potions of lignification {unknown}
 i - 2 potions of mutation
 k - a potion of magic
 n - 2 potions of cancellation {unknown}
 t - a potion of resistance
 w - 3 potions of curing {unknown}
 C - a potion of invisibility {unknown}


   Skills:
 + Level 6.1 Fighting
 + Level 8.7 Axes
 - Level 0.1(5.3) Maces & Flails
 * Level 1.5 Throwing
 + Level 6.2 Armour
 - Level 4.4 Shields
 * Level 6.9 Invocations


You had 8 spell levels left.
You didn't know any spells.
Your spell library contained the following spells:

 Spells                   Type           Power      Damage    Failure   Level
 Magic Dart               Conj           0%         1d3       100%        1
 Mephitic Cloud           Conj/Pois/Air  0%         N/A       100%        3
 Borgnjor's Revivificati  Necr           0%         N/A       100%        8
 Necromutation            Tmut/Necr      0%         N/A       100%        8
 Death's Door             Necr           0%         N/A       100%        9
 Summon Small Mammal      Summ           Unusable   N/A       N/A         1
 Call Imp                 Summ           Unusable   N/A       N/A         2
 Call Canine Familiar     Summ           Unusable   N/A       N/A         3
 Summon Guardian Golem    Hex/Summ       Unusable   N/A       N/A         3

Dungeon Overview and Level Annotations

Branches:
Dungeon (7/15)             Temple (1/1) D:4          Bailey (1/1)

Altars:
Ashenzari
Cheibriados
Dithmenos
Elyvilon
Fedhas
Gozag
Hepliaklqana
Kikubaaqudgha
Makhleb
Nemelex Xobeh
Okawaru
Qazlal
Ru
Sif Muna
Trog
Uskayaw
Vehumet
Wu Jian
Xom
Yredelemnul
Zin
The Shining One

Shops:
D:2 *

Annotations:
D:2 1 runed translucent door, Crazy Yiuf
D:3 3 runed translucent doors, Patoropollo's ghost, amateur HOFi; Selrock's ghost, amateur HOFi; Taurus's ghost, amateur MiBe
D:6 3 runed translucent doors, enile's ghost, novice MfGl; petzl's ghost, novice FoAM; ryw's ghost, novice OpBr


Innate Abilities, Weirdness & Mutations

You have a pair of large horns on your head.
You are surrounded by a moderate repulsion field. (EV +3)
When hurt, damage is shared between your health and your magic reserves.
You regenerate magic rapidly.


Message History

You slash the orc knight! You burn the orc knight!
The orc knight hits you with a +0 halberd!!
* * * LOW HITPOINT WARNING * * *
The orc knight hits you but does no damage.
Unknown command.
Okay, then.
Blink to where?
Press: ? - help, Dir - move target You can't see that place. [the floor.]
Okay, then.
Press: ? - help, v - describe, . - travel, g - get item
Items here: a +0 trident; a +0 ring mail; an orc corpse.
The floor.
Blink to where?
Press: ? - help, Dir - move target
As you read the scroll of blinking, it crumbles to dust.
The orc knight no longer looks unusually strong.
The orc knight roars a battlecry!
The orc knight goes into a battle-frenzy!
The orc knight roars a battlecry!
The orc knight goes into a battle-frenzy!
The orc warrior shouts!
The orc warrior shoots a bolt.
The bolt hits you!
* * * LOW HITPOINT WARNING * * *
The orc warrior shoots a bolt.
You block the bolt.
The orc warrior shoots a bolt.
The bolt hits you!
* * * LOW HITPOINT WARNING * * *
As you read the scroll of teleportation, it crumbles to dust.
You feel strangely unstable.
The orc warrior shoots a bolt.
The bolt hits you!
* * * LOW HITPOINT WARNING * * *
The orc warrior shoots a bolt.
You block the bolt.
Your surroundings seem slightly different.
The orc warrior shoots a bolt.
The bolt closely misses you.
You feel like a meek peon again.
The orc warrior shoots a bolt.
The bolt hits you.
* * * LOW HITPOINT WARNING * * *
The orc warrior shoots a bolt.
You block the bolt.
The orc warrior shoots a bolt.
The bolt hits you!
You die...

|.|#)'o##............#
######.##.)..........#
)#)##..#......o......#
'#'#..##.............#
o..o.##..............#
######...≈≈≈)≈≈......#
##.....)≈##.#≈≈.....#
.........≈#∩.##≈.....#
..........)...#≈@....#
.........≈##.##≈.....#
.........≈≈###≈≈.....#
..........≈≈≈≈≈......#
........)............#
.....................#
..............)...∩.#
............)......∩#
#####################


You could see an orc warrior.

Vanquished Creatures
  A boulder beetle (D:6)
  Pikel (D:7)
  A hornet (D:5)
  Grinder (D:4)
  An acid dragon (D:5)
  An ice beast (D:7)
  7 orc warriors (Bailey)
  2 black bears (D:5)
  4 lemures (D:7)
  A kobold brigand (D:5)
  4 bullfrogs
  4 scorpions
  A gnoll shaman (D:5)
  2 hounds
  A jelly (D:6)
  An orc priest (D:4)
  3 iguanas
  Natasha (thrice) (D:4)
  An orc wizard (D:4)
  Robin (D:4)
  6 adders
  5 gnolls
  4 shadow imps
  2 ufetubi
  2 worms (D:2)
  2 dart slugs
  13 orcs
  4 endoplasms
  2 giant cockroaches (D:1)
  4 hobgoblins
  12 kobolds
  3 quokkas
  6 ball pythons
  7 bats
  5 frilled lizards
  19 goblins
  6 rats
143 creatures vanquished.

Vanquished Creatures (others)
  An orc warrior (Bailey)
1 creature vanquished.

Grand Total: 144 creatures vanquished

Notes
Turn   | Place    | Note
-------+----------+-------------------------------------------
     0 | D:1      | ytrimaz the Demonspawn Fighter began the quest for the Orb.
     0 | D:1      | Reached XP level 1. HP: 18/18 MP: 1/1
   333 | D:1      | Gained mutation: You have a pair of small horns on your
                  | head. [demonic ancestry]
   333 | D:1      | Reached XP level 2. HP: 18/24 MP: 2/2
   424 | D:1      | Reached skill level 2 in Axes
   704 | D:1      | Found a faded altar of an unknown god.
   705 | D:1      | Noticed an eye of devastation
   710 | D:1      | Noticed a great orb of eyes
   717 | D:1      | Gained mutation: You have a pair of horns on your head.
                  | [demonic ancestry]
   717 | D:1      | Reached XP level 3. HP: 23/29 MP: 3/3
   720 | D:1      | Noticed an eye of devastation
   816 | D:1      | Noticed a golden eye
  1192 | D:2      | Found a radiant altar of Vehumet.
  1546 | D:2      | Found a runed translucent door.
  1547 | D:2      | Noticed Crazy Yiuf
  1661 | D:2      | Found Neataod's Assorted Antiques.
  1669 | D:2      | Bought a translucent silver ring for 85 gold pieces
  1669 | D:2      | Identified the ring of Nihilism {Ice rCorr MP+9 Dex-3} (You
                  | bought it in a shop on level 2 of the Dungeon)
  2023 | D:3      | Found a runed translucent gate.
  2026 | D:3      | Found a runed translucent gate.
  2033 | D:3      | Found a runed translucent gate.
  2034 | D:3      | Noticed Selrock's ghost (amateur HOFi)
  2034 | D:3      | Noticed Taurus's ghost (amateur MiBe)
  2034 | D:3      | Noticed Patoropollo's ghost (amateur HOFi)
  2078 | D:3      | Gained mutation: You have a pair of large horns on your
                  | head. [demonic ancestry]
  2078 | D:3      | Reached XP level 4. HP: 35/35 MP: 4/4
  2684 | D:4      | Noticed Robin
  2690 | D:4      | Noticed Natasha
  2735 | D:4      | Killed Robin
  2736 | D:4      | Reached skill level 3 in Axes
  2772 | D:4      | Killed Natasha
  2773 | D:4      | Gained mutation: You regenerate magic rapidly. [demonic
                  | ancestry]
  2773 | D:4      | Reached XP level 5. HP: 41/41 MP: 5/5
  2793 | D:4      | Noticed Natasha
  2810 | D:4      | Killed Natasha
  2881 | D:4      | Noticed Grinder
  2890 | D:4      | Killed Grinder
  2891 | D:4      | Reached skill level 4 in Axes
  2891 | D:4      | Reached XP level 6. HP: 48/48 MP: 6/6
  2939 | D:4      | Found a radiant altar of Vehumet.
  2939 | D:4      | Found an ancient bone altar of Kikubaaqudgha.
  2998 | D:4      | Found a staircase to the Ecumenical Temple.
  3039 | D:4      | Noticed Natasha
  3050 | D:4      | Killed Natasha
  3051 | D:4      | Reached skill level 5 in Axes
  3081 | Temple   | Entered the Ecumenical Temple
  3274 | Temple   | Became a worshipper of Warmaster Okawaru
  3333 | D:4      | Gained mutation: You are surrounded by a mild repulsion
                  | field. (EV +2) [demonic ancestry]
  3333 | D:4      | Reached XP level 7. HP: 39/54 MP: 7/7
  3780 | D:5      | Entered Level 5 of the Dungeon
  3811 | D:5      | Reached skill level 1 in Invocations
  4131 | D:5      | Reached * piety under Okawaru
  4251 | D:5      | Reached skill level 6 in Axes
  4306 | D:5      | Gained mutation: When hurt, damage is shared between your
                  | health and your magic reserves. [demonic ancestry]
  4306 | D:5      | Reached XP level 8. HP: 40/61 MP: 10/10
  4407 | D:5      | Identified a scroll of acquirement
  4416 | D:5      | Noticed a hornet
  4427 | D:5      | Killed a hornet
  4427 | D:5      | Reached ** piety under Okawaru
  4428 | D:5      | Reached skill level 5 in Armour
  4807 | D:5      | Acquired the +7 broad axe "Epulam" {flame, rC+ Int+6}
  5297 | D:6      | Found a runed translucent gate.
  5298 | D:6      | Found a runed translucent gate.
  5298 | D:6      | Found a runed translucent gate.
  5299 | D:6      | Noticed enile's ghost (novice MfGl)
  5299 | D:6      | Noticed ryw's ghost (novice OpBr)
  5299 | D:6      | Noticed petzl's ghost (novice FoAM)
  5460 | D:6      | Noticed a boulder beetle
  5483 | D:6      | Killed a boulder beetle
  5484 | D:6      | Reached skill level 5 in Fighting
  5484 | D:6      | Reached skill level 7 in Axes
  5484 | D:6      | Reached skill level 5 in Invocations
  5484 | D:6      | Gained mutation: You are surrounded by a moderate repulsion
                  | field. (EV +3) [demonic ancestry]
  5484 | D:6      | Reached XP level 9. HP: 30/68 MP: 6/13
  5722 | D:7      | Reached *** piety under Okawaru
  5885 | D:7      | Found a flagged portal.
  5890 | D:7      | Noticed Pikel
  5906 | D:7      | Killed Pikel
  5906 | D:7      | Received a gift from Okawaru
  5907 | D:7      | Reached skill level 8 in Axes
  5921 | Bailey   | Entered a bailey
  6057 | Bailey   | Reached skill level 1 in Throwing
  6183 | Bailey   | Noticed an orc knight
  6183 | Bailey   | Noticed an orc knight
  6216 | Bailey   | HP: 2/69 [orc warrior/bolt (10)]
  6221 | Bailey   | Shot with a bolt by an orc warrior

Illustrated notes

Levels and vault maps discovered:
D:1:      dpeg_arrival_tiny_h, layout_loops_ring,
          hellmonk_ecumenical_altar_watching_god
D:2:      layout_rooms, serial_shops, shop, basic_altar, uniq_crazy_yiuf_cottage
D:3:      layout_loops_ring, gammafunk_ghost_cemetery
D:4:      layout_cave_pools, gammafunk_temple_overflow_statue,
          minmay_temple_entry_hall, uniq_grinder, uniq_robin, uniq_natasha
D:5:      layout_basic, good_gods_temple_1, chequers_mini_garden
D:6:      layout_cave_pods, gammafunk_ghost_cemetery, minmay_misc_feat_alley,
          minmay_checkerbox
D:7:      layout_layer_cave, enter_bailey_5, guppyfry_shop_venom, uniq_pikel
Temple:   minmay_crystal_spiral_temple
Bailey:   bailey_polearm_2, bailey

Skill      XL: |  1  2  3  4  5  6  7  8  9 |
---------------+----------------------------+-----
Axes           | 2 3 4 5 6 7 8 |  8.7
Armour         | 3 4 5 6 |  6.2
Shields        | 3 4 |  4.4
Fighting       | 4 5 6 |  6.1
Invocations    | 3 5 6 |  6.9
Throwing       | 1 |  1.5
Maces & Flails | |  0.1

Action                   |  1- 3 |  4- 6 |  7- 9 || total
-------------------------+-------+-------+-------++-------
Melee: War axe           |   104 |   101 |    99 ||   304
       Headbutt          |    13 |    13 |    35 ||    61
       Whip              |     8 |       |       ||     8
       Broad axe         |       |       |    89 ||    89
Throw: Boomerang         |       |       |     6 ||     6
Invok: Heroism           |       |       |     5 ||     5
  Use: Scroll            |     4 |     4 |    12 ||    20
       Potion            |       |     1 |     8 ||     9
Armor: Scale mail        |    21 |       |       ||    21
       Plate armour      |    55 |   100 |   110 ||   265
Dodge: Dodged            |    46 |    24 |   154 ||   224
Block: Buckler           |    32 |    34 |    71 ||   137

Table legend: (Time is in decaauts)
 A = Elapsed time spent in this place.
 B = Non-inter-level travel time spent in this place.
 C = Inter-level travel time spent in this place.
 D = Time resting spent in this place.
 E = Time spent auto-exploring this place.
 F = Levels seen in this place.
 G = Mean time per level.
                   A        B        C        D        E       F      G
               +--------+--------+--------+--------+--------+-----+--------+
         Total |   6340 |   6049 |    291 |    507 |   4130 |   9 |  704.4 |
       Dungeon |   5821 |   5614 |    207 |    479 |   3947 |   7 |  831.6 |
        Temple |    212 |    128 |     84 |      0 |    111 |   1 |  212.0 |
        Bailey |    306 |    306 |      0 |     28 |     72 |   1 |  306.0 |
               +--------+--------+--------+--------+--------+-----+--------+

Top non-repeatable levels by time:
     D:1: 1326 daAuts
     D:5: 1089 daAuts
     D:4: 883 daAuts
     D:6: 870 daAuts
     D:3: 787 daAuts
     D:2: 654 daAuts
  Bailey: 306 daAuts
  Temple: 212 daAuts
     D:7: 208 daAuts
